TOP OF THE 1ST |
West Michigan Whitecaps batting - Pitching for Bowling Green Hot Rods : RHP Quincy Bowen
|
Pitching: RHP Quincy Bowen
|
|
Batting: RHB Janne Vihko
|
0-0: Ball 1-0: Ball 2-0: Ground out 6-3 (Groundball, 6, EV 103.8 MPH)
|
Batting: SHB Willie Medina
|
0-0: Ball 1-0: Ball 2-0: Called Strike 2-1: Ball 3-1: Base on Balls
|
Batting: RHB J.J. Basil
|
0-0: Called Strike 0-1: Fly out, F9 (Line Drive, 9, EV 91.2 MPH)
|
Batting: RHB Joel Miller
|
0-0: Ball Willie Medina steals 2nd, throwing error, E2 Willie Medina to third 1-0: Called Strike 1-1: Ball 2-1: Ball 3-1: Base on Balls
|
Batting: RHB Norm Wood
|
0-0: Ball 1-0: Called Strike 1-1: Foul Ball, location: 2F 1-2: SINGLE (Line Drive, 78S, EV 86.9 MPH) Willie Medina scores Joel Miller to second
|
Batting: RHB Keith Hoffman
|
0-0: Called Strike 0-1: Called Strike 0-2: Strikes out swinging
|
Top of the 1st over - 1 run, 1 hit, 1 error, 2 left on base; West Michigan 1 - Bowling Green 0 |
BOTTOM OF THE 1ST |
Bowling Green Hot Rods batting - Pitching for West Michigan Whitecaps : RHP Jared Barger
|
Pitching: RHP Jared Barger
|
|
Batting: SHB Luis Verduzco
|
0-0: Called Strike 0-1: Ball 1-1: Ground out U3 (Groundball, 3, EV 91.9 MPH)
|
Batting: LHB Sean Banks
|
0-0: Foul Ball, location: 2F 0-1: Called Strike 0-2: Ball 1-2: Foul Ball, location: 2F 1-2: Ball 2-2: Ball 3-2: Base on Balls
|
Batting: LHB Rocky Crowley
|
0-0: Ball 1-0: Swinging Strike 1-1: 2-RUN HOME RUN (Flyball, 9LD, EV 96.9 MPH), Distance : 345 ft
|
Batting: RHB Tim Dower
|
0-0: Fly out, F7 (Flyball, 78D, EV 94.4 MPH)
|
Batting: RHB Jim Erdody
|
0-0: Called Strike 0-1: Foul Ball, location: 2F 0-2: Ball 1-2: SINGLE (Groundball, 25, EV 68.1 MPH) (infield hit)
|
Batting: RHB Dave Valdez
|
0-0: Foul Ball, location: 2F 0-1: Ball 1-1: Swinging Strike 1-2: Strikes out swinging
|
Bottom of the 1st over - 2 runs, 2 hits, 0 errors, 1 left on base; West Michigan 1 - Bowling Green 2 |
TOP OF THE 2ND |
West Michigan Whitecaps batting - Pitching for Bowling Green Hot Rods : RHP Quincy Bowen
|
Batting: RHB Jon Goldstein
|
0-0: Ball 1-0: Called Strike 1-1: Ball 2-1: Ball 3-1: Base on Balls
|
Batting: RHB Tanner Purchase
|
0-0: Fly out, F8 (Flyball, 8RD, EV 91.2 MPH)
|
Batting: SHB Chris Wagler
|
0-0: Ball 1-0: SINGLE (Line Drive, 56D, EV 100.0 MPH) Jon Goldstein to second
|
Batting: RHB Janne Vihko
|
0-0: Fielders Choice at 3rd, U5 (Groundball, 5L, EV 88.1 MPH) Chris Wagler to second
|
Batting: SHB Willie Medina
|
0-0: Ball 1-0: Called Strike 1-1: Foul Ball, location: 2F 1-2: Ground out U3 (Groundball, 3, EV 80.6 MPH)
|
Top of the 2nd over - 0 runs, 1 hit, 0 errors, 2 left on base; West Michigan 1 - Bowling Green 2 |
BOTTOM OF THE 2ND |
Bowling Green Hot Rods batting - Pitching for West Michigan Whitecaps : RHP Jared Barger
|
Batting: RHB Bazyli Andrysiak
|
0-0: Ball 1-0: Ball 2-0: Called Strike 2-1: Foul Ball, location: 2F 2-2: Ball 3-2: SINGLE (Line Drive, 9S, EV 108.1 MPH)
|
Batting: LHB Eduardo Lopez
|
0-0: Ball 1-0: Foul Ball, location: 2F 1-1: Ball Wild Pitch! Bazyli Andrysiak to second 2-1: Foul Ball, location: 2F 2-2: Ball 3-2: Fly out, F7 (Line Drive, 78M, EV 91.2 MPH)
|
Batting: RHB Bogumil Filipowski
|
0-0: SINGLE (Groundball, 56D, EV 105.6 MPH) Bazyli Andrysiak to third
|
Batting: SHB Luis Verduzco
|
0-0: Foul Ball, location: 2F 0-1: Called Strike 0-2: Ball 1-2: Strikes out swinging
|
Batting: LHB Sean Banks
|
0-0: Called Strike 0-1: Fly out, F9 (Flyball, 9, EV 93.1 MPH)
|
Bottom of the 2nd over - 0 runs, 2 hits, 0 errors, 2 left on base; West Michigan 1 - Bowling Green 2 |
TOP OF THE 3RD |
West Michigan Whitecaps batting - Pitching for Bowling Green Hot Rods : RHP Quincy Bowen
|
Batting: RHB J.J. Basil
|
0-0: Ball 1-0: SINGLE (Groundball, 56D, EV 100.0 MPH)
|
Batting: RHB Joel Miller
|
0-0: Ball 1-0: Foul Ball, location: 2F 1-1: Called Strike 1-2: Ball J.J. Basil is caught stealing 2nd base 2-4 2-2: Ball 3-2: Base on Balls
|
Batting: RHB Norm Wood
|
0-0: Called Strike 0-1: Ball 1-1: Fly out, F8 (Flyball, 89D, EV 95.6 MPH)
|
Batting: RHB Keith Hoffman
|
0-0: Swinging Strike 0-1: Ball 1-1: Foul Ball, location: 2F 1-2: Ball 2-2: Ball 3-2: Foul Ball, location: 2F 3-2: Strikes out swinging
|
Top of the 3rd over - 0 runs, 1 hit, 0 errors, 1 left on base; West Michigan 1 - Bowling Green 2 |
BOTTOM OF THE 3RD |
Bowling Green Hot Rods batting - Pitching for West Michigan Whitecaps : RHP Jared Barger
|
Batting: LHB Rocky Crowley
|
0-0: Ball 1-0: Called Strike 1-1: Ground out 5-3 (Groundball, 56D, EV 106.2 MPH)
|
Batting: RHB Tim Dower
|
0-0: Foul Ball, location: 2F 0-1: Ball 1-1: Foul Ball, location: 2F 1-2: Foul Ball, location: 2F 1-2: Ground out 3-1 (Groundball, 34, EV 106.9 MPH)
|
Batting: RHB Jim Erdody
|
0-0: Called Strike 0-1: SINGLE (Groundball, 15S, EV 63.1 MPH) (infield hit)
|
Batting: RHB Dave Valdez
|
0-0: Ball 1-0: Called Strike 1-1: Ground out 6-3 (Groundball, 56D, EV 85.6 MPH)
|
Bottom of the 3rd over - 0 runs, 1 hit, 0 errors, 1 left on base; West Michigan 1 - Bowling Green 2 |
TOP OF THE 4TH |
West Michigan Whitecaps batting - Pitching for Bowling Green Hot Rods : RHP Quincy Bowen
|
Batting: RHB Jon Goldstein
|
0-0: Ball 1-0: Ball 2-0: Ball 3-0: Foul Ball, location: 2F 3-1: Base on Balls
|
Batting: RHB Tanner Purchase
|
0-0: Ball 1-0: Foul Ball, location: 2F 1-1: Called Strike 1-2: Fielders Choice at 2nd, 4-6 (Groundball, 4, EV 80.0 MPH)
|
Batting: SHB Chris Wagler
|
0-0: Hit by Pitch Tanner Purchase to second
|
Batting: RHB Janne Vihko
|
0-0: Ball 1-0: Fielders Choice at 2nd, 5-4 (Groundball, 56D, EV 86.2 MPH) Tanner Purchase to third
|
Batting: SHB Willie Medina
|
0-0: Foul Ball, location: 2F 0-1: Foul Ball, location: 2F 0-2: Ball 1-2: Foul Ball, location: 2F 1-2: Ground out 5-3 (Groundball, 56, EV 109.4 MPH)
|
Top of the 4th over - 0 runs, 0 hits, 0 errors, 2 left on base; West Michigan 1 - Bowling Green 2 |
BOTTOM OF THE 4TH |
Bowling Green Hot Rods batting - Pitching for West Michigan Whitecaps : RHP Jared Barger
|
Batting: RHB Bazyli Andrysiak
|
0-0: Called Strike 0-1: Ground out 6-3 (Groundball, 6, EV 90.6 MPH)
|
Batting: LHB Eduardo Lopez
|
0-0: Ball 1-0: Called Strike 1-1: Ground out 1-3 (Groundball, 34S, EV 69.4 MPH)
|
Batting: RHB Bogumil Filipowski
|
0-0: Ground out 1-3 (Groundball, 34S, EV 76.9 MPH)
|
Bottom of the 4th over - 0 runs, 0 hits, 0 errors, 0 left on base; West Michigan 1 - Bowling Green 2 |
TOP OF THE 5TH |
West Michigan Whitecaps batting - Pitching for Bowling Green Hot Rods : RHP Quincy Bowen
|
Batting: RHB J.J. Basil
|
0-0: Ball 1-0: Called Strike 1-1: Ground out 6-3 (Groundball, 6, EV 105.0 MPH)
|
Batting: RHB Joel Miller
|
0-0: Called Strike 0-1: Foul Ball, location: 2F 0-2: Ball 1-2: Ball 2-2: Foul Ball, location: 2F 2-2: Strikes out swinging
|
Batting: RHB Norm Wood
|
0-0: Foul Ball, location: 2F 0-1: Ball 1-1: TRIPLE (Groundball, 5L, EV 95.0 MPH)
|
Batting: RHB Keith Hoffman
|
0-0: Called Strike 0-1: Ball 1-1: Foul Ball, location: 2F 1-2: Ball 2-2: Strikes out looking
|
Top of the 5th over - 0 runs, 1 hit, 0 errors, 1 left on base; West Michigan 1 - Bowling Green 2 |
BOTTOM OF THE 5TH |
Bowling Green Hot Rods batting - Pitching for West Michigan Whitecaps : RHP Jared Barger
|
Batting: SHB Luis Verduzco
|
0-0: Called Strike 0-1: Foul Ball, location: 2F 0-2: Ground out 4-3 (Groundball, 4, EV 82.5 MPH)
|
Batting: LHB Sean Banks
|
0-0: SINGLE (Line Drive, 56, EV 94.4 MPH)
|
Batting: LHB Rocky Crowley
|
Pickoff Throw to First - Error! E1 Sean Banks to second 0-0: Swinging Strike 0-1: Ball 1-1: Called Strike 1-2: Foul Ball, location: 2F 1-2: Strikes out looking
|
Batting: RHB Tim Dower
|
0-0: Ball 1-0: Called Strike 1-1: Ball 2-1: Ball 3-1: Base on Balls
|
Batting: RHB Jim Erdody
|
0-0: Ball 1-0: Ball 2-0: Fly out, F4 (Line Drive, 4M, EV 66.9 MPH)
|
Bottom of the 5th over - 0 runs, 1 hit, 1 error, 2 left on base; West Michigan 1 - Bowling Green 2 |
TOP OF THE 6TH |
West Michigan Whitecaps batting - Pitching for Bowling Green Hot Rods : RHP Quincy Bowen
|
Batting: RHB Jon Goldstein
|
0-0: Foul Ball, location: 2F 0-1: Called Strike 0-2: SOLO HOME RUN (Flyball, 78XD, EV 98.1 MPH), Distance : 411 ft
|
Batting: RHB Tanner Purchase
|
0-0: Swinging Strike 0-1: Fly out, F9 (Flyball, 9, EV 93.8 MPH)
|
Batting: SHB Chris Wagler
|
0-0: Foul Ball, location: 2F 0-1: Foul Ball, location: 2F 0-2: Strikes out swinging
|
Batting: RHB Janne Vihko
|
0-0: Ground out 6-3 (Groundball, 56, EV 106.9 MPH)
|
Top of the 6th over - 1 run, 1 hit, 0 errors, 0 left on base; West Michigan 2 - Bowling Green 2 |
BOTTOM OF THE 6TH |
Bowling Green Hot Rods batting - Pitching for West Michigan Whitecaps : RHP Jared Barger
|
Batting: RHB Dave Valdez
|
0-0: Ball 1-0: Foul Ball, location: 2F 1-1: Fly out, F8 (Flyball, 8RD, EV 97.5 MPH)
|
Batting: RHB Bazyli Andrysiak
|
0-0: Fly out, F9 (Flyball, 9D, EV 105.6 MPH)
|
Batting: LHB Eduardo Lopez
|
0-0: Foul Ball, location: 2F 0-1: Ball 1-1: Swinging Strike 1-2: Strikes out swinging
|
Bottom of the 6th over - 0 runs, 0 hits, 0 errors, 0 left on base; West Michigan 2 - Bowling Green 2 |
TOP OF THE 7TH |
West Michigan Whitecaps batting - Pitching for Bowling Green Hot Rods : RHP Quincy Bowen
|
Batting: SHB Willie Medina
|
0-0: Called Strike 0-1: Ball 1-1: Ball 2-1: Ball 3-1: Foul Ball, location: 2F 3-2: SINGLE (Flyball, 3D, EV 96.9 MPH)
|
Pitching: LHP Tim Pulliam
|
|
Batting: RHB J.J. Basil
|
0-0: Called Strike 0-1: Swinging Strike 0-2: Strikes out looking
|
Batting: RHB Joel Miller
|
0-0: Ball 1-0: Foul Ball, location: 2F 1-1: SINGLE (Flyball, 8LS, EV 93.1 MPH) Willie Medina to second Runner from 2nd tries for 3rd, SAFE, throw by CF made to third
|
Batting: RHB Norm Wood
|
0-0: Ball 1-0: Foul Ball, location: 2F 1-1: Fielders Choice at 2nd, U6 (Groundball, 4MS, EV 86.2 MPH) Willie Medina scores
|
Batting: RHB Keith Hoffman
|
0-0: Ball 1-0: Ball 2-0: Called Strike 2-1: Called Strike 2-2: Ball 3-2: Strikes out looking
|
Top of the 7th over - 1 run, 2 hits, 0 errors, 1 left on base; West Michigan 3 - Bowling Green 2 |
BOTTOM OF THE 7TH |
Bowling Green Hot Rods batting - Pitching for West Michigan Whitecaps : RHP Jared Barger
|
Batting: RHB Bogumil Filipowski
|
0-0: SINGLE (Groundball, 6MD, EV 108.1 MPH)
|
Batting: SHB Luis Verduzco
|
0-0: Bunt missed! 0-1: Sac Bunt to 15 - play at first, batter OUT! 1-3 Bogumil Filipowski to second
|
Batting: LHB Sean Banks
|
0-0: Ball 1-0: Ball 2-0: Ball 3-0: Base on Balls
|
Batting: LHB Rocky Crowley
|
0-0: Foul Ball, location: 2F 0-1: Ball 1-1: Fielders Choice at 2nd, 5-4 (Groundball, 56, EV 83.8 MPH) Bogumil Filipowski to third
|
Batting: RHB Tim Dower
|
0-0: Ball 1-0: Called Strike 1-1: Foul Ball, location: 2F 1-2: Foul Ball, location: 2F 1-2: Strikes out swinging
|
Bottom of the 7th over - 0 runs, 1 hit, 0 errors, 2 left on base; West Michigan 3 - Bowling Green 2 |
TOP OF THE 8TH |
West Michigan Whitecaps batting - Pitching for Bowling Green Hot Rods : LHP Tim Pulliam
|
Pitching: LHP Ryan Folks
|
|
Batting: RHB Jon Goldstein
|
0-0: Ball 1-0: Foul Ball, location: 2F 1-1: Ground out 6-3 (Groundball, 6, EV 100.6 MPH)
|
Batting: RHB Tanner Purchase
|
0-0: Ball 1-0: Called Strike 1-1: Ball 2-1: Foul Ball, location: 2F 2-2: SINGLE (Line Drive, 34, EV 98.8 MPH)
|
Batting: SHB Chris Wagler
|
0-0: Called Strike 0-1: Ball 1-1: Called Strike Tanner Purchase steals 2nd base 1-2: Ground out 3-1 (Groundball, 34S, EV 85.6 MPH) Tanner Purchase to third
|
Batting: RHB Janne Vihko
|
0-0: Swinging Strike 0-1: Foul Ball, location: 2F 0-2: Ball 1-2: Foul Ball, location: 2F 1-2: Fly out, F4 (Line Drive, 4, EV 66.9 MPH)
|
Top of the 8th over - 0 runs, 1 hit, 0 errors, 1 left on base; West Michigan 3 - Bowling Green 2 |
BOTTOM OF THE 8TH |
Bowling Green Hot Rods batting - Pitching for West Michigan Whitecaps : RHP Jared Barger
|
Batting: RHB Jim Erdody
|
0-0: Ball 1-0: SINGLE (Line Drive, 7S, EV 87.5 MPH)
|
Pitching: RHP Eddie Hodgson
|
|
Pinch Hitting: LHB Angel Ruvalcaba
|
0-0: Ball 1-0: Ball 2-0: 2-RUN HOME RUN (Flyball, 9D, EV 94.4 MPH), Distance : 366 ft
|
Batting: RHB Bazyli Andrysiak
|
0-0: Ball 1-0: Ball 2-0: Ball 3-0: Called Strike 3-1: SOLO HOME RUN (Line Drive, 7LD, EV 90.6 MPH), Distance : 346 ft
|
Batting: LHB Eduardo Lopez
|
0-0: Ball 1-0: Ball 2-0: Foul Ball, location: 2F 2-1: Foul Ball, location: 2F 2-2: Strikes out swinging
|
Batting: RHB Bogumil Filipowski
|
0-0: Called Strike 0-1: SINGLE (Groundball, 6MD, EV 98.8 MPH)
|
Batting: SHB Luis Verduzco
|
0-0: Ball 1-0: Reached on error, E5 (Groundball, 56S, EV 80.0 MPH) Bogumil Filipowski to second
|
Batting: LHB Sean Banks
|
0-0: Ball 1-0: Called Strike 1-1: Foul Ball, location: 2F 1-2: Strikes out swinging
|
Batting: LHB Rocky Crowley
|
0-0: Called Strike 0-1: Ball 1-1: Ball 2-1: Called Strike 2-2: Foul Ball, location: 2F 2-2: Ball 3-2: SINGLE (Line Drive, 7LS, EV 110.0 MPH) Bogumil Filipowski to third Luis Verduzco to second Bogumil Filipowski scores Luis Verduzco to third
|
Batting: RHB Tim Dower
|
0-0: Called Strike 0-1: Foul Ball, location: 2F 0-2: Ball 1-2: Foul Ball, location: 2F 1-2: Foul Ball, location: 2F 1-2: Ball 2-2: Strikes out swinging
|
Bottom of the 8th over - 4 runs, 5 hits, 1 error, 2 left on base; West Michigan 3 - Bowling Green 6 |
TOP OF THE 9TH |
West Michigan Whitecaps batting - Pitching for Bowling Green Hot Rods : LHP Ryan Folks
|
Pitching: RHP Chris Harman
|
|
Now at 2B: Jesus Carrillo
|
|
Now in RF: Angel Ruvalcaba
|
|
Batting: SHB Willie Medina
|
0-0: Ball 1-0: Ground out 6-3 (Groundball, 6, EV 86.2 MPH)
|
Batting: RHB J.J. Basil
|
0-0: Ball 1-0: Ball 2-0: Foul Ball, location: 2F 2-1: Ball 3-1: Base on Balls
|
Batting: RHB Joel Miller
|
0-0: Fly out, F8 (Line Drive, 8LM, EV 96.2 MPH)
|
Batting: RHB Norm Wood
|
0-0: SINGLE (Flyball, 8RS, EV 96.9 MPH) J.J. Basil to second
|
Batting: RHB Keith Hoffman
|
0-0: Ball 1-0: Foul Ball, location: 2F 1-1: Ground out 4-3 (Groundball, 4, EV 86.9 MPH)
|
Top of the 9th over - 0 runs, 1 hit, 0 errors, 2 left on base; West Michigan 3 - Bowling Green 6 |
|